[Event "European Union U14-ch 2024"]
[Site "Roznov pod Radhostem"]
[Date "2024.08.10"]
[Round "6.7"]
[White "Myronova, Sofia"]
[Black "Golub, Mia"]
[Result "1-0"]
[ECO "B23"]
[WhiteElo "1463"]
[BlackElo "1418"]
[Annotator "NA RC"]
[PlyCount "131"]
[EventDate "2024.08.02"]
[EventType "swiss"]
[EventCountry "CZE"]
[SourceTitle "playchess.com"]
[Source "ChessBase"]
[SourceQuality "1"]
[TimeControl "5400+30"]

1. e4 c5 2. Nc3 e6 3. f4 Nc6 4. Bb5 Nd4 5. Nf3 Nxb5 6. Nxb5 Qb6 7. Nc3 Ne7 8. d3 d5 9. Qd2 d4 10. Ne2 Nc6 11. b3 Be7 12. O-O O-O 13. Ng3 Qc7 14. Qe1 e5 15. f5 Nb4 16. Qe2 Bd7 17. a3 Nc6 18. h3 b5 19. Nh2 Bh4 20. Qg4 Bxg3 21. Qxg3 f6 22. Rf3 a5 23. Qh4 b4 24. a4 Be8 25. Rg3 Kh8 26. Rf3 Qf7 27. g4 h5 28. Qxh5+ Qxh5 29. gxh5 Bxh5 30. Rg3 Bd1 31. Rg2 Kg8 32. Bh6 Kh7 33. Rxg7+ Kxh6 34. Rg6+ Kh7 35. Rxd1 Ne7 36. Rg4 Rg8 37. Rd2 Rxg4+ 38. hxg4 Rg8 39. Rg2 Rg7 40. Nf3 Rf7 41. g5 Rg7 42. gxf6 Rxg2+ 43. Kxg2 Nc6 44. Ng5+ Kg8 45. Ne6 Kf7 46. Nxc5 Kxf6 47. Ne6 Ne7 48. Nc5 Nc6 49. Kf3 Kg5 50. Kg3 Kh5 51. Ne6 Ne7 52. f6 Ng6 53. f7 Kh6 54. f8=Q+ Nxf8 55. Nxf8 Kg5 56. Nd7 Kg6 57. Nxe5+ Kf6 58. Nc6 Ke6 59. Nxd4+ Ke5 60. Nc6+ Kd6 61. Nxa5 Ke5 62. Nc6+ Kd6 63. Nxb4 Kc5 64. e5 Kd4 65. e6 Ke5 66. e7 1-0

[Event "European Union U14-ch 2024"]
[Site "Roznov pod Radhostem"]
[Date "2024.08.11"]
[Round "7.1"]
[White "Bocquenet-Drouode, Hugo"]
[Black "Kincses, Emma"]
[Result "1/2-1/2"]
[ECO "D00"]
[WhiteElo "2025"]
[BlackElo "1618"]
[Annotator "NA RC"]
[PlyCount "180"]
[EventDate "2024.08.02"]
[EventType "swiss"]
[EventCountry "CZE"]
[SourceTitle "playchess.com"]
[Source "ChessBase"]
[SourceQuality "1"]
[TimeControl "5400+30"]

1. d4 d5 2. Nc3 Nf6 3. Bf4 c5 4. e3 cxd4 5. exd4 a6 6. Nf3 Nc6 7. Ne5 Bd7 8. Nxc6 Bxc6 9. Be2 e6 10. O-O Be7 11. Re1 O-O 12. Bd3 Rc8 $11 13. Be5 Bd6 14. a4 Qe7 15. Re3 h6 16. Rg3 Kh8 17. Qf3 Bxe5 18. dxe5 Nd7 19. Qh5 f6 20. exf6 Nxf6 21. Qh4 Qc5 22. Rf1 Rce8 23. Bg6 Rd8 24. b4 Qd6 25. b5 Be8 26. Bxe8 Rdxe8 27. Rd3 Qe5 28. Re3 Qc7 29. Rd1 Qc5 30. Red3 Rd8 31. Qg3 Nh5 32. Qe3 Qd6 33. Ne4 Qe7 34. Nc5 Qf7 35. bxa6 bxa6 36. Nxa6 e5 37. R3d2 e4 38. c4 Ra8 39. Nc5 dxc4 40. Qxe4 Rae8 41. Qc2 Qe7 42. Qxc4 Rc8 43. Rc2 Rf5 44. Qg4 Rfxc5 45. Re2 Qf7 46. Rde1 Rc1 47. a5 Rxe1+ 48. Rxe1 Rf8 49. Qd4 Qf4 50. Qb6 Qd2 51. Rf1 Ra8 52. a6 Qa2 53. Re1 Qxa6 54. Re8+ Rxe8 55. Qxa6 Re1+ 56. Qf1 Rxf1+ 57. Kxf1 g5 58. Ke2 Kg7 59. Kf3 Kg6 60. g3 Nf6 61. h3 Kf5 62. Ke3 Nd5+ 63. Kd4 Nb4 64. f3 Nc6+ 65. Kd3 Ne5+ 66. Ke3 Nc4+ 67. Kd4 Nb6 68. Kc5 Na4+ 69. Kd4 Nb2 70. Ke3 Nc4+ 71. Kd4 Nb6 72. Kc5 Nd7+ 73. Kd4 Nf8 74. Kd3 Ke5 75. Ke3 Nd7 76. Kd3 Kd5 77. Ke3 Ke5 78. Kd3 Nb6 79. Ke3 Nd5+ 80. Kd3 Nf4+ 81. gxf4+ Kxf4 82. Ke2 Kg3 83. h4 Kxh4 84. Kf2 Kh3 85. f4 gxf4 86. Kf3 h5 87. Kxf4 h4 88. Kf3 Kh2 89. Kf2 h3 90. Kf1 Kg3 1/2-1/2

[Event "European Union U14-ch 2024"]
[Site "Roznov pod Radhostem"]
[Date "2024.08.11"]
[Round "7.2"]
[White "Belocky, Daniel"]
[Black "Constantinoiu, Alexandru Ioan"]
[Result "0-1"]
[ECO "D02"]
[WhiteElo "1731"]
[BlackElo "1904"]
[Annotator "NA RC"]
[PlyCount "90"]
[EventDate "2024.08.02"]
[EventType "swiss"]
[EventCountry "CZE"]
[SourceTitle "playchess.com"]
[Source "ChessBase"]
[SourceQuality "1"]
[TimeControl "5400+30"]

1. d4 d5 2. Nf3 Nf6 3. c4 c6 4. g3 dxc4 5. a4 b5 6. axb5 cxb5 7. Nc3 Qb6 8. b3 e6 9. bxc4 Bb4 10. Qb3 bxc4 11. Qxc4 $2 (11. Qc2 $17 {was called for.}) 11... Ba6 12. Qb3 $19 Ne4 13. Bd2 Bxc3 14. Qxb6 axb6 15. Bxc3 Nxc3 16. Rc1 Nb5 17. Bg2 Bb7 18. O-O O-O 19. e3 Nd7 20. Rb1 Nc3 21. Rb3 Rfc8 22. Re1 f6 23. Ne5 Bxg2 24. Nxd7 Bd5 25. Rb2 Na4 26. Rb4 Rc7 27. Nxb6 Nxb6 28. Rxb6 Rac8 29. Rb2 Be4 30. f4 Rc2 31. Re2 Rxe2 32. Rxe2 Rc1+ 33. Kf2 Rh1 34. h4 Rh2+ 35. Ke1 Rh3 36. Kf2 Rh2+ 37. Ke1 Rxe2+ 38. Kxe2 h5 39. Kd2 Kf7 40. Ke2 Kg6 41. Kf2 Kf5 42. Ke2 Kg4 43. Kf2 Kh3 44. g4 hxg4 45. h5 Kh2 0-1

[Event "European Union U14-ch 2024"]
[Site "Roznov pod Radhostem"]
[Date "2024.08.11"]
[Round "7.3"]
[White "Ochkova, Maria"]
[Black "Stara, Zuzana"]
[Result "1/2-1/2"]
[ECO "B13"]
[WhiteElo "1553"]
[BlackElo "2005"]
[Annotator "NA RC"]
[PlyCount "99"]
[EventDate "2024.08.02"]
[EventType "swiss"]
[EventCountry "CZE"]
[SourceTitle "playchess.com"]
[Source "ChessBase"]
[SourceQuality "1"]
[TimeControl "5400+30"]

1. e4 c6 2. d4 d5 3. exd5 cxd5 4. Bd3 Nc6 5. c3 Qc7 6. Ne2 e5 7. dxe5 Nxe5 8. Bb5+ Bd7 9. Bxd7+ Qxd7 10. O-O Bd6 11. h3 Ne7 12. Nd2 O-O 13. Nd4 N7c6 14. N2f3 a6 15. Qc2 $11 Rac8 16. Rd1 Rfe8 17. Nxe5 Bxe5 18. Qf5 Qc7 19. Be3 Rcd8 20. Rd3 Bd6 21. Rad1 Ne5 22. R3d2 Nc4 23. Re2 Nxe3 24. fxe3 Re5 25. Qf3 Rde8 26. Nf5 g6 27. Nxd6 Qxd6 28. c4 Rf5 29. Rxd5 Rxf3 30. Rxd6 Rfxe3 31. Rxe3 Rxe3 32. Rd7 Re4 33. b3 b5 34. c5 b4 35. c6 Re1+ 36. Kh2 Rc1 37. Rd4 Rxc6 38. Rxb4 Kg7 39. a4 Kf6 40. Rb7 Ke6 41. Kg3 h6 42. a5 f5 43. Rb6 Rxb6 44. axb6 Kd6 45. Kf4 Kc6 46. Ke5 Kxb6 47. Kf6 Kb5 48. Kxg6 Kb4 49. Kxf5 Kxb3 50. g4 1/2-1/2

[Event "European Union U14-ch 2024"]
[Site "Roznov pod Radhostem"]
[Date "2024.08.11"]
[Round "7.4"]
[White "Michalska, Lena"]
[Black "Bartova, Hana"]
[Result "0-1"]
[ECO "A15"]
[WhiteElo "1837"]
[BlackElo "1796"]
[Annotator "NA RC"]
[PlyCount "128"]
[EventDate "2024.08.02"]
[EventType "swiss"]
[EventCountry "CZE"]
[SourceTitle "playchess.com"]
[Source "ChessBase"]
[SourceQuality "1"]
[TimeControl "5400+30"]

1. c4 Nf6 2. g3 e6 3. Bg2 d5 4. cxd5 exd5 5. Nf3 Bd6 6. O-O O-O 7. Nc3 c6 8. a3 a5 9. d3 h6 10. Qc2 Re8 11. Re1 Bf5 $11 12. Bd2 Nbd7 13. Na2 Qb6 14. Be3 Rxe3 15. fxe3 Qxe3+ 16. Kh1 Ng4 17. h3 Nf2+ 18. Kh2 Nxh3 19. Rf1 Bxg3+ 20. Kh1 Nf2+ 21. Rxf2 Bxf2 22. Rf1 d4 23. Nc1 Be6 24. Nb3 c5 25. Nc1 g5 26. Qd2 Qxd2 27. Nxd2 Be3 28. Ne4 Rb8 29. Ng3 b6 30. Be4 Bf4 31. Nh5 Bxc1 32. Rxc1 f5 33. Bc6 Kf7 34. Ng3 Ne5 35. Bb5 f4 36. Nf1 Bd7 37. Bxd7 Nxd7 38. Nd2 Ke6 39. Kg2 h5 40. Ne4 g4 41. Rh1 Rh8 42. Rh4 Ne5 43. Rh1 h4 44. Rb1 h3+ 45. Kh1 g3 46. Ng5+ Kf5 47. Nf3 Nxf3 48. exf3 Re8 49. Kg1 Re3 50. b4 axb4 51. axb4 cxb4 52. Rf1 h2+ 53. Kh1 Rxd3 54. Re1 b3 55. Kg2 Rd2+ 56. Kh1 Rd3 57. Kg2 b2 58. Rb1 Rb3 59. Kh1 d3 60. Rxb2 g2+ 61. Rxg2 Ke5 62. Rg8 d2 63. Re8+ Kf6 64. Rd8 Rb1+ 0-1

[Event "European Union U14-ch 2024"]
[Site "Roznov pod Radhostem"]
[Date "2024.08.11"]
[Round "7.5"]
[White "Madel, Luca"]
[Black "Pritulina, Nadezhda"]
[Result "1/2-1/2"]
[ECO "A40"]
[WhiteElo "1628"]
[BlackElo "1589"]
[Annotator "NA RC"]
[PlyCount "76"]
[EventDate "2024.08.02"]
[EventType "swiss"]
[EventCountry "CZE"]
[SourceTitle "playchess.com"]
[Source "ChessBase"]
[SourceQuality "1"]
[TimeControl "5400+30"]

1. d4 e6 2. Nf3 c5 3. e3 Nf6 4. b3 d5 5. Bb2 Nc6 6. a3 a6 7. Bd3 Bd6 8. Ne5 Qc7 9. f4 cxd4 10. exd4 Ne4 11. Bxe4 dxe4 12. Qe2 Bxe5 13. fxe5 b5 14. Qxe4 Bb7 15. Qe2 Rd8 16. c3 Na5 17. Nd2 Bd5 18. b4 Nc4 19. Nxc4 Bxc4 20. Qg4 O-O 21. Bc1 Bd3 22. Bd2 Qc6 23. Qf3 Qe4+ 24. Qxe4 Bxe4 25. O-O Bd5 26. a4 Ra8 27. Rf4 Bb3 28. a5 Ra7 29. Rg4 g6 30. Bh6 Rc8 31. Rg3 Rac7 32. Rc1 Bd5 33. h4 Rd7 34. h5 Rcc7 35. hxg6 fxg6 36. Bg5 Rf7 37. Bf6 Rc4 38. Kf2 Rfc7 1/2-1/2

[Event "European Union U14-ch 2024"]
[Site "Roznov pod Radhostem"]
[Date "2024.08.11"]
[Round "7.6"]
[White "Golub, Mia"]
[Black "Duchatel, Maxime"]
[Result "0-1"]
[ECO "D31"]
[WhiteElo "1418"]
[BlackElo "1682"]
[Annotator "NA RC"]
[PlyCount "80"]
[EventDate "2024.08.02"]
[EventType "swiss"]
[EventCountry "CZE"]
[SourceTitle "playchess.com"]
[Source "ChessBase"]
[SourceQuality "1"]
[TimeControl "5400+30"]

1. d4 d5 2. c4 e6 3. Nf3 c6 4. Nc3 dxc4 5. e4 b5 6. a4 Bb4 7. Bd2 a5 8. axb5 Bxc3 9. Bxc3 cxb5 10. Be2 Nf6 11. Qc2 O-O 12. O-O Bb7 13. e5 Nd5 14. Bd2 Nd7 15. Rfc1 N7b6 16. Bxa5 Qe7 17. Bd2 Nb4 18. Bxb4 Qxb4 19. Qc3 Qxc3 20. bxc3 Nd5 21. Rab1 Bc6 22. g3 Ra3 23. Rb2 Rxc3 24. Rcb1 Ra3 25. Kg2 Nc3 26. Re1 Nxe2 27. Rexe2 Bxf3+ 28. Kf1 Bxe2+ 29. Kxe2 Rb3 30. Rc2 Rc8 31. Kd1 g6 32. f4 Rd3+ 33. Ke2 Rxd4 34. Ke3 Rcd8 35. Rc1 Rd3+ 36. Ke2 c3 37. h3 Rd2+ 38. Ke3 c2 39. Ke4 b4 40. Ke3 b3 0-1

[Event "European Union U14-ch 2024"]
[Site "Roznov pod Radhostem"]
[Date "2024.08.11"]
[Round "7.7"]
[White "Myronova, Sofia"]
[Black "Barteckova, Nikol"]
[Result "0-1"]
[ECO "B13"]
[WhiteElo "1463"]
[BlackElo "1669"]
[Annotator "NA RC"]
[PlyCount "138"]
[EventDate "2024.08.02"]
[EventType "swiss"]
[EventCountry "CZE"]
[SourceTitle "playchess.com"]
[Source "ChessBase"]
[SourceQuality "1"]
[TimeControl "5400+30"]

1. e4 c6 2. d4 d5 3. exd5 cxd5 4. Nf3 Nc6 5. Be3 Nf6 6. Bb5 a6 7. Bd3 g6 8. O-O Bf5 9. Nc3 Nb4 10. Ne5 Nxd3 11. Nxd3 Bg7 12. Ne5 O-O 13. h3 Ne4 14. Nxe4 Bxe4 15. f3 Bf5 16. g4 Bc8 17. f4 e6 18. Nf3 b6 19. c3 Qc7 20. Kg2 Rb8 21. a3 b5 22. Rc1 Qb6 23. b4 f6 24. Qe2 Bd7 25. Qd2 Rfc8 26. Rc2 Rc4 27. Qd3 Ra8 28. Nd2 Rcc8 29. Nb3 Rc7 30. Re1 Kf7 31. Bf2 Re8 32. Rce2 Qd6 33. Bg3 Qc6 34. Rc1 Bc8 35. Na5 Qb6 36. f5 Rce7 37. fxg6+ hxg6 38. Bf2 Bh6 39. Rf1 Kg7 40. Bh4 g5 41. Bg3 Rh8 42. Ref2 Rf8 43. Be5 Ref7 44. Bg3 f5 45. Be5+ Kg8 46. gxf5 exf5 47. Nb3 Qg6 48. Kh2 Qh5 49. Rg2 f4 50. Bd6 Re8 51. Be5 Bf5 52. Qd1 Qxh3+ 53. Kg1 Qe3+ 54. Rff2 g4 55. Rxg4+ Bxg4 56. Qxg4+ Bg7 57. Nc5 Qg3+ 58. Qxg3 fxg3 59. Rxf7 Kxf7 60. Bxg7 Kxg7 61. Kg2 Re3 62. Nxa6 Rxc3 63. Nc5 Rxa3 64. Ne6+ Kf6 65. Nc7 Rd3 66. Nxd5+ Kf5 67. Nc7 Rxd4 68. Nxb5 Rxb4 69. Nd6+ Kf4 0-1

[Event "European Union U14-ch 2024"]
[Site "Roznov pod Radhostem"]
[Date "2024.08.12"]
[Round "8.1"]
[White "Kincses, Emma"]
[Black "Constantinoiu, Alexandru Ioan"]
[Result "0-1"]
[ECO "A06"]
[WhiteElo "1618"]
[BlackElo "1904"]
[Annotator "NA RC"]
[PlyCount "74"]
[EventDate "2024.08.02"]
[EventType "swiss"]
[EventCountry "CZE"]
[SourceTitle "playchess.com"]
[Source "ChessBase"]
[SourceQuality "1"]
[TimeControl "5400+30"]

1. Nf3 d5 2. g3 Nf6 3. Bg2 e6 4. O-O Nbd7 5. d4 b5 6. b3 Bb7 7. Bb2 c5 8. c3 Be7 9. Nbd2 Rc8 10. Rc1 Qb6 11. Re1 O-O 12. e3 Bd6 13. Rc2 c4 14. Qc1 Qa6 15. b4 Ne4 16. a3 f5 17. Qd1 Qb6 18. Nxe4 dxe4 19. Ng5 Rf6 20. Rd2 h6 21. Nh3 Qd8 22. Qc2 Nb6 23. Rdd1 g5 24. Kh1 Qe8 25. Qe2 Rc7 26. g4 Rg7 27. Rf1 Qb8 28. f3 exf3 29. Bxf3 fxg4 30. Bxb7 Qxb7+ 31. e4 Rxf1+ 32. Rxf1 gxh3 33. Bc1 Rf7 34. Rg1 Bf4 35. Bxf4 Rxf4 36. d5 exd5 37. Qe3 dxe4 0-1

[Event "European Union U14-ch 2024"]
[Site "Roznov pod Radhostem"]
[Date "2024.08.12"]
[Round "8.2"]
[White "Bartova, Hana"]
[Black "Bocquenet-Drouode, Hugo"]
[Result "0-1"]
[ECO "B33"]
[WhiteElo "1796"]
[BlackElo "2025"]
[Annotator "NA RC"]
[PlyCount "124"]
[EventDate "2024.08.02"]
[EventType "swiss"]
[EventCountry "CZE"]
[SourceTitle "playchess.com"]
[Source "ChessBase"]
[SourceQuality "1"]
[TimeControl "5400+30"]

1. e4 c5 2. Nf3 Nc6 3. d4 cxd4 4. Nxd4 Nf6 5. f3 e5 6. Nb5 d6 7. c4 Be6 8. N1c3 a6 9. Na3 Rc8 $11 10. Be3 Be7 11. Qd2 O-O 12. Nc2 Qa5 13. Nd5 Qxd2+ 14. Kxd2 Bxd5 15. cxd5 Nb8 16. Be2 Nbd7 17. Rac1 Bd8 18. Na3 Ba5+ 19. Kd1 Bb4 20. Nc4 b5 21. a3 Bc5 22. Bxc5 dxc5 23. Nd6 Rb8 24. Nf5 g6 25. Ne3 Ne8 26. Rc2 Nd6 27. b3 Kg7 28. Rf1 Rbc8 29. Kd2 f5 30. Bd3 f4 31. Ng4 h5 32. Nf2 c4 33. bxc4 bxc4 34. Be2 Rc5 35. Rfc1 Rfc8 36. Nd1 Nb6 37. Nc3 Nb5 38. Nxb5 axb5 39. Kc3 Kf6 40. Rb1 Ke7 41. Bd1 Ra8 42. Ra2 Kd6 43. Rb4 Kc7 44. Bc2 Kd6 45. Bd1 Ra5 46. Bc2 g5 47. h3 Rc7 48. Bd1 Rca7 49. Kb2 Nd7 50. a4 Kc5 51. Rxb5+ Rxb5+ 52. axb5 Rxa2+ 53. Kxa2 Kxb5 54. Ka3 Nb6 55. Bc2 Kc5 56. Ba4 Nc8 57. Bd7 Nd6 58. Kb2 Kd4 59. Kc2 Ke3 60. Bf5 Kf2 61. Bg6 g4 62. Bxh5 g3 0-1

[Event "European Union U14-ch 2024"]
[Site "Roznov pod Radhostem"]
[Date "2024.08.12"]
[Round "8.3"]
[White "Stara, Zuzana"]
[Black "Boros, David"]
[Result "1-0"]
[ECO "D73"]
[WhiteElo "2005"]
[BlackElo "1796"]
[Annotator "NA RC"]
[PlyCount "153"]
[EventDate "2024.08.02"]
[EventType "swiss"]
[EventCountry "CZE"]
[SourceTitle "playchess.com"]
[Source "ChessBase"]
[SourceQuality "1"]
[TimeControl "5400+30"]

1. d4 Nf6 2. Nf3 g6 3. c4 d5 4. g3 Bg7 5. Bg2 O-O 6. cxd5 Nxd5 7. Nc3 Nxc3 8. bxc3 c5 9. e3 Nc6 10. O-O Qc7 11. Qa4 a6 $14 12. Qc4 Na5 13. Qd3 Rd8 14. e4 b5 15. Rd1 Nc4 16. Qe2 Bb7 17. h4 h5 18. a4 Rac8 19. Rb1 Qa5 20. axb5 axb5 21. Bg5 Kf8 22. Rbc1 Qb6 23. d5 Ba6 24. Nd2 Nxd2 25. Qxd2 b4 26. cxb4 Qxb4 27. Qf4 Qb2 28. Bh6 Kg8 29. Bxg7 Kxg7 30. e5 Qb8 31. d6 exd6 32. Qf6+ Kg8 33. Bd5 Rc7 34. Qxg6+ Kf8 35. Qh6+ Kg8 36. exd6 Rcd7 37. Qxh5 Rxd6 38. Qxf7+ Kh8 39. Qh5+ Kg7 40. Qe5+ Kh6 41. Qg5+ Kh7 42. Re1 R8d7 43. Re7+ Rxe7 44. Qxe7+ Kh8 45. Qe5+ Kh7 46. Be4+ Kg8 47. Qxc5 Qd8 48. Qg5+ Qxg5 49. hxg5 Rd2 50. Kg2 Kf8 51. Rc6 Ra2 52. Kf3 Be2+ 53. Kf4 Bh5 54. f3 Ra7 55. g4 Be8 56. Rb6 Ra5 57. Rb8 Kf7 58. Bg6+ Kxg6 59. Rxe8 Ra4+ 60. Re4 Ra5 61. Re6+ Kf7 62. Re5 Ra3 63. Rf5+ Kg7 64. Kg3 Ra1 65. f4 Ra3+ 66. Kh4 Ra1 67. Rb5 Rh1+ 68. Kg3 Ra1 69. f5 Ra4 70. Rb7+ Kg8 71. Kh4 Ra1 72. Kh5 Ra6 73. f6 Ra8 74. Kg6 Rc8 75. Rg7+ Kh8 76. Rh7+ Kg8 77. f7+ 1-0

[Event "European Union U14-ch 2024"]
[Site "Roznov pod Radhostem"]
[Date "2024.08.12"]
[Round "8.4"]
[White "Duchatel, Maxime"]
[Black "Madel, Luca"]
[Result "0-1"]
[ECO "B21"]
[WhiteElo "1682"]
[BlackElo "1628"]
[Annotator "NA RC"]
[PlyCount "64"]
[EventDate "2024.08.02"]
[EventType "swiss"]
[EventCountry "CZE"]
[SourceTitle "playchess.com"]
[Source "ChessBase"]
[SourceQuality "1"]
[TimeControl "5400+30"]

1. e4 c5 2. d4 cxd4 3. c3 dxc3 4. Nxc3 Nc6 5. Nf3 e6 6. Bc4 Qc7 7. Qe2 Nf6 8. O-O Ng4 9. h3 Nd4 10. hxg4 Nxe2+ 11. Bxe2 a6 12. Be3 b5 13. Rac1 Qd8 14. Bf4 d6 15. Rfd1 Be7 16. Ne5 Bb7 17. a3 O-O 18. Nf3 Qb6 19. Be3 Qa5 20. Kh2 Rfc8 21. Rh1 Qd8 22. Bd3 d5 23. Kg1 dxe4 24. Bxe4 Bxe4 25. Nxe4 Rxc1+ 26. Bxc1 Rc8 27. Be3 Bf6 28. Nxf6+ Qxf6 29. Bd4 Rc1+ 30. Kh2 Qf4+ 31. g3 Rxh1+ 32. Kxh1 Qxf3+ 0-1

[Event "European Union U14-ch 2024"]
[Site "Roznov pod Radhostem"]
[Date "2024.08.12"]
[Round "8.5"]
[White "Barteckova, Nikol"]
[Black "Michalska, Lena"]
[Result "0-1"]
[ECO "B06"]
[WhiteElo "1669"]
[BlackElo "1837"]
[Annotator "NA RC"]
[PlyCount "144"]
[EventDate "2024.08.02"]
[EventType "swiss"]
[EventCountry "CZE"]
[SourceTitle "playchess.com"]
[Source "ChessBase"]
[SourceQuality "1"]
[TimeControl "5400+30"]

1. e4 g6 2. d4 Bg7 3. Nc3 d6 4. Be3 Nd7 5. Nf3 c5 6. Be2 a6 7. a4 b6 8. O-O Bb7 9. Rb1 Qc7 10. Qd2 cxd4 11. Nxd4 Ngf6 12. f3 O-O 13. Kh1 Rfc8 14. Bh6 Bh8 15. Rfc1 Ne5 16. Bf1 Nc4 17. Qd1 Qc5 18. Bxc4 Qxc4 19. Nde2 b5 20. b3 Qc5 21. Qd2 Nd7 22. Nd5 Bxd5 23. exd5 Nb6 24. Nf4 bxa4 25. bxa4 Nxa4 26. Rb7 Bf6 27. g4 Ra7 28. Nd3 Rxb7 29. Nxc5 Nxc5 30. Be3 Rb5 31. Qe2 Ra5 32. c4 Ra3 33. Rc2 Ra1+ 34. Kg2 Kf8 35. Kh3 a5 36. Ra2 Rxa2 37. Qxa2 Bc3 38. Bd2 Bxd2 39. Qxd2 a4 40. Qa2 Rb8 41. Qa1 Kg8 42. Qe1 Rb7 43. Qa5 h6 44. Kg3 Kg7 45. h4 Rb3 46. Kg2 a3 47. Kg3 Ne4+ 48. Kg2 Nd2 49. h5 gxh5 50. gxh5 Nxf3 51. Qa4 Nd4 52. Qa7 Nf5 53. Qa4 Rb2+ 54. Kf3 a2 55. Ke4 Ng3+ 56. Kd4 Ne2+ 57. Ke3 Nc1 58. Qa7 Rb1 59. Qd4+ Kh7 60. Qe4+ Kh8 61. Qd4+ f6 62. Qf4 a1=Q 63. Qxh6+ Kg8 64. Qg6+ Kf8 65. Qh6+ Ke8 66. Qg6+ Kd7 67. Qf5+ Kd8 68. Qe6 Rb3+ 69. Kf4 Qd4+ 70. Kf5 Qe5+ 71. Kg6 Rg3+ 72. Kf7 Qxh5+ 0-1

[Event "European Union U14-ch 2024"]
[Site "Roznov pod Radhostem"]
[Date "2024.08.12"]
[Round "8.6"]
[White "Ochkova, Maria"]
[Black "Myronova, Sofia"]
[Result "1/2-1/2"]
[ECO "B24"]
[WhiteElo "1553"]
[BlackElo "1463"]
[Annotator "NA RC"]
[PlyCount "81"]
[EventDate "2024.08.02"]
[EventType "swiss"]
[EventCountry "CZE"]
[SourceTitle "playchess.com"]
[Source "ChessBase"]
[SourceQuality "1"]
[TimeControl "5400+30"]

1. e4 c5 2. Nc3 Nc6 3. g3 d6 4. Bg2 Nf6 5. Nge2 g6 6. d3 Bg7 7. O-O O-O 8. h3 Rb8 9. Be3 a6 10. Qd2 Bd7 11. f4 e6 12. Rf2 Ne8 13. e5 b6 14. d4 cxd4 15. Bxd4 dxe5 16. Be3 Nc7 17. Rd1 Be8 18. Qd6 Qxd6 19. Rxd6 Nb4 20. Rxb6 Rxb6 21. Bxb6 Ncd5 22. Nxd5 Nxd5 23. Bc5 exf4 24. gxf4 Bxb2 25. Bxf8 Kxf8 26. c4 Nb4 27. Kh1 Nd3 28. Rf1 f5 29. Rf3 Nc5 30. Nc3 Bc1 31. Rf1 Bd2 32. Ne2 Ba4 33. Rb1 Kf7 34. Rb8 Be3 35. Rb1 Bc2 36. Rf1 Bd3 37. Rf3 Bd2 38. Nd4 Be4 39. Rf1 Bd3 40. Rd1 Bxf4 41. Nb3 1/2-1/2

[Event "European Union U14-ch 2024"]
[Site "Roznov pod Radhostem"]
[Date "2024.08.12"]
[Round "8.7"]
[White "Pritulina, Nadezhda"]
[Black "Golub, Mia"]
[Result "1-0"]
[ECO "B23"]
[WhiteElo "1589"]
[BlackElo "1418"]
[Annotator "NA RC"]
[PlyCount "91"]
[EventDate "2024.08.02"]
[EventType "swiss"]
[EventCountry "CZE"]
[SourceTitle "playchess.com"]
[Source "ChessBase"]
[SourceQuality "1"]
[TimeControl "5400+30"]

1. e4 c5 2. Nc3 e6 3. f4 Nc6 4. g3 d6 5. Bg2 a6 6. a4 Be7 7. d3 Nd4 8. Nge2 Bf6 9. Be3 Nxe2 10. Qxe2 Qa5 11. Bd2 b5 12. e5 Rb8 13. exf6 Nxf6 14. Nd5 Qd8 15. Nxf6+ Qxf6 16. Bc3 Qg6 17. axb5 axb5 18. b4 O-O 19. bxc5 dxc5 20. Qe5 Bd7 21. Qxc5 Rbc8 22. Qd4 Rfd8 23. Ba5 f6 24. Bxd8 Rxd8 25. Bc6 Qe8 26. Bxd7 Rxd7 27. Qe4 h6 28. Ra8 Rd8 29. Rxd8 Qxd8 30. Qxe6+ Kh7 31. Qf5+ Kg8 32. Qxb5 Qe7+ 33. Kd2 Kh7 34. Re1 Qf8 35. Re8 Qf7 36. Qf5+ g6 37. Qe6 Qxe6 38. Rxe6 Kg7 39. Re7+ Kf8 40. Ra7 Ke8 41. c4 Kd8 42. c5 Kc8 43. c6 Kb8 44. Re7 Kc8 45. c7 f5 46. d4 1-0

[Event "European Union U14-ch 2024"]
[Site "Roznov pod Radhostem"]
[Date "2024.08.13"]
[Round "9.3"]
[White "Stara, Zuzana"]
[Black "Kincses, Emma"]
[Result "1/2-1/2"]
[ECO "B31"]
[WhiteElo "2005"]
[BlackElo "1618"]
[Annotator "NA RC"]
[PlyCount "24"]
[EventDate "2024.08.02"]
[EventType "swiss"]
[EventCountry "CZE"]
[SourceTitle "playchess.com"]
[Source "ChessBase"]
[SourceQuality "1"]
[TimeControl "5400+30"]

1. e4 c5 2. Nf3 Nc6 3. Bb5 g6 4. Bxc6 bxc6 5. O-O Bg7 6. Nc3 d5 (6... Nf6 $11) 7. d3 Nf6 8. Qe2 (8. Re1 $14 {feels stronger.}) 8... O-O 9. Bg5 Ba6 $16 (9... Re8 $11 {keeps the balance.}) 10. Rfe1 h6 11. Bh4 Qc7 12. exd5 Nxd5 1/2-1/2